Unix NetHack Version 3.7.0-64 Work-in-progress - last build Sep 20 2022 23:52:18 (2efdc47de06bbc12dbc956ebf73d51181633095d,branch:master). Game began 2022-09-22 16:36:41, ended 2022-09-22 17:23:55. adinthrae, lawful female human Valkyrie ###################@j #----- ################ --------- ------ #|...| #### |.......| |>*..-####)##%####|<.+| ####........| |[)..| %#|..%| ------------- #|.......| |.....############%....##) |C.........C| #--.------ |....| ----- # |.....C.....| # # |....| ) |...---.-...| # # |....| ###....| {.|...| ###### ####0 ------ |..C|{.{|C..| # ### # |...|.{.|...| ------# ----.-- |...-----...| |....|# |.....| |.....C.....| |....-## |.....| |C.........C| |....| # |.....| ------------- ------ #######|....)| #......| ------- Adinthrae the Fighter St:16 Dx:18 Co:15 In:9 Wi:11 Ch:8 Lawful S:3976 Dlvl:6 $:316 HP:0(54) Pw:22(22) AC:0 Xp:7/835 T:6346 Latest messages: You hit the raven. The raven bites! The raven bites! You kill the raven! You try to feel what is lying here on the floor. You kill the jackal! You try to feel what is lying here on the ground. You feel here a jackal corpse. There is a jackal corpse here; eat it? [ynq] (n) This jackal corpse is tough. You stop eating the jackal corpse. The guardian naga hatchling bites! You hit the guardian naga hatchling. You kill the guardian naga hatchling! You try to feel what is lying here on the ground. You feel here a guardian naga hatchling corpse. There is a guardian naga hatchling corpse here; eat it? [ynq] (n) This guardian naga hatchling corpse is stringy. You stop eating the guardian naga hatchling corpse. You can see again. A crossbow bolt misses you. You kill the kobold! You see here a partly eaten jackal corpse. There is a partly eaten jackal corpse here; eat it? [ynq] (n) This jackal corpse tastes terrible! You finish eating the jackal corpse. You see here a partly eaten guardian naga hatchling corpse. You hit the red naga hatchling! The red naga hatchling misses! You kill the red naga hatchling! There is a doorway here. You see here a monkey corpse. You see here 2 white gems. You see here 2 white gems. You see here a crossbow bolt. You see here a chain mail. You descend the stairs. You climb up the stairs. Where do you want to travel to? (For instructions type a '?') You hit the spotted jelly. You are splashed by the spotted jelly's acid! You hit the spotted jelly. You hit the spotted jelly. You are splashed by the spotted jelly's acid! You hit the spotted jelly! You are splashed by the spotted jelly's acid! You die... Do you want your possessions identified? [ynq] (y) Do you want to see your attributes? [ynq] (y) Inventory: Coins $ - 316 gold pieces Weapons i - 11 +0 crossbow bolts b - a +0 dagger y - a +0 silver spear (weapon in hand) a - a +1 spear Q - a cursed +0 scimitar Armor A - an uncursed +0 helmet x - an uncursed +0 orcish helm (being worn) p - a blessed +0 pair of gauntlets of dexterity (being worn) M - a blessed +0 pair of iron shoes (being worn) l - an uncursed +0 pair of jumping boots c - an uncursed +4 small shield (being worn) o - an uncursed +0 cloak of invisibility m - an uncursed +0 oilskin cloak (being worn) k - an uncursed +0 Hawaiian shirt with a water nymph motif (being worn) Comestibles j - an uncursed apple n - 2 uncursed tripe rations Scrolls e - 3 uncursed scrolls of confuse monster I - an uncursed scroll of destroy armor f - an uncursed scroll of gold detection U - 2 uncursed scrolls of identify Spellbooks W - an uncursed novel named Snuff Potions D - an uncursed potion of booze h - an uncursed potion of levitation L - an uncursed potion of levitation Y - an uncursed potion of monster detection P - an uncursed potion of paralysis G - an uncursed potion of water Wands g - a wand of create monster (0:14) Tools J - a +0 pick-axe H - an uncursed tallow candle X - an uncursed tin opener Adinthrae the Valkyrie's attributes: Background: You were a Fighter, a level 7 human Valkyrie. You were lawful, on a mission for Tyr who was opposed by Odin (neutral) and Loki (chaotic). You were in the Dungeons of Doom, on level 6. You entered the dungeon 6346 turns ago. You had 835 experience points, 445 more were needed to attain level 8. Your score was 3976 before end-of-game adjustments. Basics: You had 0 out of 54 hit points. You had all 22 energy points (spell power). Your armor class was 0. Your wallet contained 316 zorkmids. Autopickup was off. Final Characteristics: Your strength was 16 (peak:17, limit:18/100). Your dexterity was 18 (limit:18). Your constitution was 15 (limit:18). Your intelligence was 9 (limit:18). Your wisdom was 11 (limit:18). Your charisma was 8 (limit:18). Final Status: You were not hungry. You were unencumbered. You were wielding a spear. You were skilled in spear. Final Attributes: You were piously aligned. You were cold resistant. You were poison resistant. You were telepathic. You were stealthy. You were guarded. You were fast. You are dead. Miscellaneous: You never encountered a bones level. Total elapsed playing time was 47 minutes and 14 seconds. Major events: Turn 1: adinthrae the lawful human Valkyrie entered the dungeon 1133: attained the rank of Skirmisher (level 3) 2050: entered the Gnomish Mines 3232: attained the rank of Fighter (level 6) 6346: killed by a spotted jelly Vanquished creatures: a giant beetle a leprechaun a blue jelly a raven a plains centaur 2 rock moles a fog cloud a shrieker 2 gnome leaders a red naga hatchling a black naga hatchling a guardian naga hatchling 3 elf zombies 11 giant ants 3 floating eyes 2 dwarves a homunculus 2 kobold leaders a rabid rat a giant bat a monkey 2 werejackals 5 iguanas 2 killer bees an acid blob a coyote a gas spore 3 hobbits a manes 2 large kobolds 3 hobgoblins 3 giant rats 3 cave spiders 9 gnomes 15 garter snakes 4 geckos 10 jackals 4 foxes a kobold 3 goblins 2 sewer rats 7 grid bugs 3 bats 6 lichens a kobold zombie 5 newts 136 creatures vanquished. No species were genocided or became extinct. Voluntary challenges: You read items or engraved 3 times. You engraved Elbereth 1 time. You never genocided any monsters. You never polymorphed an object. You never changed form. You used no wishes. Achievements: You entered a shop. You attained the rank of Skirmisher. You entered the Gnomish Mines. You attained the rank of Fighter. The Dungeons of Doom: levels 1 to 7 Level 1: An altar, a fountain. Level 2: An armor shop. Level 3: A fountain. Stairs down to The Gnomish Mines. Level 4: Level 5: A scroll shop, a grave. Level 6: <- You were here. Many fountains. Final resting place for you, killed by a spotted jelly. Level 7: The Gnomish Mines: Level 4: Game over: ---------- / \ / REST \ / IN \ / PEACE \ / \ | adinthrae | | 316 Au | | killed by a | | spotted jelly | | | | | | 2022 | *| * * * | * _________)/\\_//(\/(/\)/\//\/|_)_______ Farvel adinthrae the Valkyrie... You died in The Dungeons of Doom on dungeon level 6 with 3945 points, and 316 pieces of gold, after 6346 moves. You were level 7 with a maximum of 54 hit points when you died.